 Dungeon Crawl Stone Soup version 0.32-a0-913-g739538afd8 (console) character file.

Game seed: 8271708618733521798

1432 petzl the Trooper (level 9, 0/67 (71) HPs)
             Began as a Formicid Delver on Apr 8, 2024.
             Was a Follower of Vehumet.
             Hit by a javelin thrown by a centaur (10 damage)
             ... in a bailey.
             The game lasted 00:35:23 (6891 turns).

petzl the Trooper (Formicid Delver)                 Turns: 6891, Time: 00:35:23

HP:   0/67 (71)     AC:  4    Str: 23    XL:     9   Next: 3%
MP:   15/15         EV: 11    Int: 14    God:    Vehumet [*.....]
Gold: 1389          SH:  5    Dex: 15    Spells: 10/16 levels left

rFire   . . .        b - +1 arbalest
rCold   . . .        o - +0 buckler
rNeg    . . .        g - +0 leather armour
rPois   .            (helmet unavailable)
rElec   .            (no cloak)
rCorr   .            (no gloves)
SInv    +            v - +0 pair of boots
Will    +....        (no amulet)
Stlth   +++          q - +6 ring of strength
HPRegen 0.31/turn    (no ring)
MPRegen 0.14/turn

%: no passive effects
@: enlightened, flying, studying Fighting, drained
A: permanent stasis, dig shafts and tunnels, antennae 3, four strong arms
a: Dig, Renounce Religion


You were in a bailey.
You worshipped Vehumet.
Vehumet was aware of your devotion.
You visited 2 branches of the dungeon, and saw 9 of its levels.
You also visited: Bailey.

You collected 1389 gold pieces.

Inventory:

Hand Weapons
 a - a +0 mace
 b - a +1 arbalest (weapon)
 l - a +0 orcbow
 n - a +0 sling
Missiles
 m - 5 poisoned darts
Armour
 g - a +0 leather armour (worn)
 o - a +0 buckler (worn)
 v - a +0 pair of boots (worn)
Jewellery
 q - a +6 ring of strength (left hand)
 y - an amulet of the acrobat
Wands
 f - a wand of digging (3)
 i - a wand of iceblast (8)
Scrolls
 c - a scroll of fog
 d - 3 scrolls of revelation
 h - 3 scrolls of amnesia
 k - a scroll of identify
 s - a scroll of poison
 t - a scroll of torment
 u - a scroll of summoning
Potions
 e - a potion of degeneration {unknown}
 j - a potion of berserk rage {unknown}
 p - a potion of mutation {unknown}
 r - a potion of might {unknown}
 w - 2 potions of enlightenment
 x - a potion of lignification {unknown}


   Skills:
 * Level 6.4 Fighting
 - Level 2.0 Maces & Flails
 + Level 4.2 Ranged Weapons
 + Level 3.5 Dodging
 - Level 6.0 Stealth
 + Level 3.4 Shields
 + Level 4.2 Spellcasting
 - Level 3.2 Conjurations
 * Level 4.8 Earth Magic


You had 10 spell levels left.
You knew the following spells:

 Your Spells              Type           Power      Damage    Failure   Level
a - Stone Arrow           Conj/Erth      28%        3d8       16%         3
A - Ozocubu's Armour      Ice            2%         N/A       63%         3

Your spell library contained the following spells:

 Spells                   Type           Power      Damage    Failure   Level
 Freeze                   Ice            8%         1d3       26%         1
 Sandblast                Erth           32%        2d9       3%          1
 Passwall                 Erth           16%        N/A       11%         3
 Brom's Barrelling Bould  Conj/Erth      14%        2d4       45%         4
 Frozen Ramparts          Ice            4%         1d1       63%         3
 Volatile Blastmotes      Fire/Tloc      4%         2d10      63%         3
 Metabolic Englaciation   Hex/Ice        1%         N/A       100%        5
 Bombard                  Conj/Erth      7%         9d2       100%        6
 Vhi's Electric Charge    Tloc/Air       Unusable   N/A       N/A         4

Dungeon Overview and Level Annotations

Branches:
Dungeon (8/15)             Temple (1/1) D:4          Bailey (1/1)
   Lair: D:8-11

Altars:
Ashenzari
Cheibriados
Dithmenos
Elyvilon
Fedhas
Gozag
Hepliaklqana
Kikubaaqudgha
Makhleb
Nemelex Xobeh
Okawaru
Qazlal
Ru
Sif Muna
Trog
Vehumet
Xom
Yredelemnul
Zin

Shops:
D:2 ?

Annotations:
D:3 2 transporters, exclusion: downstairs, Grinder; Sigmund; innerfire43's ghost, amateur DsWn
D:4 exclusions: adder and jelly, Dowan; Duvessa; Robin
D:5 Eustachio
D:7 Joseph
D:8 exclusion: upstairs


Innate Abilities, Weirdness & Mutations

You cannot be hasted, slowed, berserked, paralysed or teleported.
You can dig through walls and to a lower floor.
You have a pair of large antennae on your head. (SInv)
Your four strong arms can wield two-handed weapons with a shield.


Message History

Okay, then.
Unknown command.
The centaur throws a javelin.
The javelin pierces through you!
* * * LOW HITPOINT WARNING * * *
There is a fountain of clear blue water here.
Unknown command.
Unknown command.
It was a potion of enlightenment.
You feel very buoyant.
You fly up into the air.
Aiming: Iceblast
Press: ? - help, Shift-Dir - straight line The mass of ice explodes!
The iceblast engulfs the orc!
You kill the orc!
Vehumet accepts your kill.
The iceblast engulfs the centaur.
The centaur is moderately wounded.
A centaur comes into view. It is wielding a +0 trident.
The centaur throws a javelin.
The javelin completely misses you.
Aiming: Iceblast
Press: ? - help, Shift-Dir - straight line The mass of ice explodes!
The iceblast engulfs the centaur.
The centaur is heavily wounded.
The centaur throws a javelin.
The javelin pierces through you.
* * * LOW HITPOINT WARNING * * *
The centaur throws a javelin.
The javelin barely misses you.
The centaur throws a javelin.
The javelin pierces through you.
* * * LOW HITPOINT WARNING * * *
Aiming: Iceblast
Press: ? - help, Shift-Dir - straight line
Okay, then.
Okay, then.
Unknown command.
Unknown command.
Unknown command.
Okay, then.
Unknown command.
As you read the scroll of fog, it dissolves into smoke.
The centaur throws a javelin.
The javelin pierces through you!
You die...

.....≈≈≈≈≈.....
c....≈≈...≈≈....
'..≈)≈≈.≈.≈.≈≈.≈.
.≈≈o≈.≈≈.≈≈.≈.≈≈
.≈.≈≈.≈...≈.≈≈.≈
.≈.≈.≈≈...≈≈.≈.≈
.≈.≈.≈.⌠∩⌠.≈.≈.≈
.≈)≈.≈§§§§.≈.≈.≈
.≈.≈.§§@§⌠.≈.≈)≈
.≈.≈.≈§§§.≈≈.≈.≈
.≈.≈≈.§...≈.≈≈.≈
.≈≈.≈.≈≈≈≈≈.≈.≈≈
#c≈.≈≈..)..≈≈.≈o
#)≈≈.≈≈≈.≈≈≈.≈≈.
#..≈≈.o≈.≈..≈≈..
#.⌠.≈≈≈...≈≈≈.⌠


You could see 2 centaurs and 2 orcs.

Vanquished Creatures
  A sky beast (D:7)
  3 centaurs
  A phantom (D:5)
  A kobold brigand (D:5)
  A scorpion (D:5)
  2 bullfrogs (D:7)
  2 wights
  A burial acolyte (D:7)
  2 electric eels (D:6)
  2 hounds
  A jelly (D:4)
  An orc priest (D:3)
  A gnoll bouda (D:5)
  An orc wizard (D:3)
  3 iguanas
  A sleepcap (D:5)
  7 adders
  3 gnolls
  2 river rats (D:5)
  A shadow imp (D:6)
  An adder zombie (D:7)
  3 ribbon worms (D:2)
  A dart slug (D:1)
  14 orcs
  10 ball pythons
  8 bats
  4 endoplasms
  2 giant cockroaches
  15 goblins
  12 hobgoblins
  7 jackals (D:1)
  4 kobolds
  6 quokkas
  4 frilled lizards (D:1)
  3 jackal zombies (D:7)
  8 rats
139 creatures vanquished.

Notes
Turn   | Place    | Note
-------+----------+-------------------------------------------
     0 | D:5      | petzl the Formicid Delver began the quest for the Orb.
     0 | D:5      | Reached XP level 1. HP: 18/18 MP: 1/1
    32 | D:6      | Noticed a bullfrog
   153 | D:4      | Noticed a hound
   185 | D:4      | Noticed a jelly
   304 | D:2      | Reached skill level 1 in Ranged Weapons
   304 | D:2      | Reached skill level 1 in Spellcasting
   304 | D:2      | Reached XP level 2. HP: 21/24 MP: 1/3
   445 | D:3      | Reached XP level 3. HP: 24/29 MP: 5/5
   687 | D:1      | Found a faded altar of an unknown god.
   710 | D:1      | You fall into a shaft and drop 1 floor!
   905 | D:2      | Reached XP level 4. HP: 13/35 MP: 7/7
  1929 | D:2      | Learned a level 3 spell: Stone Arrow
  1933 | D:2      | Learned a level 3 spell: Ozocubu's Armour
  1944 | D:2      | Found The Oracle's Delphic Readings.
  2131 | D:2      | Reached XP level 5. HP: 41/41 MP: 9/9
  2265 | D:3      | Found a transporter.
  2267 | D:3      | Noticed innerfire43's ghost (amateur DsWn)
  2270 | D:3      | Found a transporter.
  2429 | D:3      | Noticed Grinder
  2608 | D:3      | Noticed Sigmund
  2625 | D:3      | You fall into a shaft and drop 3 floors!
  2708 | D:3      | Found a sacrificial altar of Ru.
  2717 | D:3      | Reached skill level 1 in Earth Magic
  3000 | D:4      | Reached XP level 6. HP: 45/48 MP: 10/10
  3192 | D:4      | Found a shimmering blue altar of Sif Muna.
  3272 | D:4      | Found an opulent altar of Gozag.
  3310 | D:4      | Noticed a water moccasin
  3348 | D:4      | Found a staircase to the Ecumenical Temple.
  3357 | Temple   | Entered the Ecumenical Temple
  3375 | Temple   | Became a worshipper of Vehumet
  3474 | D:4      | Noticed Dowan
  3482 | D:4      | Noticed Duvessa
  3631 | D:4      | Reached skill level 1 in Conjurations
  3651 | D:5      | Reached skill level 1 in Shields
  3802 | D:5      | Reached XP level 7. HP: 40/54 MP: 10/12
  4046 | D:5      | Noticed Eustachio
  4420 | D:5      | Reached * piety under Vehumet
  4420 | D:5      | Offered knowledge of Freeze by Vehumet.
  4544 | D:5      | You fall into a shaft and drop 1 floor!
  4785 | D:4      | Noticed Robin
  4815 | D:4      | You fall into a shaft and drop 1 floor!
  5059 | D:4      | You fall into a shaft and drop 3 floors!
  5146 | D:7      | Identified 2 scrolls of acquirement
  5147 | D:7      | Acquired a manual of Fighting
  5149 | D:7      | Acquired 947 gold pieces
  5176 | D:7      | Reached XP level 8. HP: 49/61 MP: 13/13
  5437 | D:7      | Found an ancient bone altar of Kikubaaqudgha.
  5601 | D:7      | Reached skill level 5 in Fighting
  6671 | D:5      | You fall into a shaft and drop 2 floors!
  6829 | D:8      | Found a flagged portal.
  6859 | D:7      | Noticed Joseph
  6879 | Bailey   | Entered a bailey
  6887 | Bailey   | Reached XP level 9. HP: 25/67 MP: 15/15
  6891 | Bailey   | Hit by a javelin thrown by a centaur

Illustrated notes

Levels and vault maps discovered:
D:1:      ncdulo_lavacross, layout_rooms, nicolae_ecumenical_snake_handling
D:2:      cheibrodos_helix_gallery, layout_loops_ring, minmay_gold_behind_fungi,
          nicolae_nh_oracle_at_delphi
D:3:      layout_loops_ring, nicolae_ru_great_annihilating_truth,
          gammafunk_ghost_mausoleum, minmay_misc_feat_x,
          kennysheep_generic_room_7, uniq_sigmund, uniq_grinder
D:4:      layout_loops_ring, lemuel_blue_sif_altar,
          nicolae_gozag_cash_rules_everything_around_me,
          minmay_temple_entry_junction, minivault_11, minmay_fractal_squares_5,
          uniq_robin, uniq_duvessa
D:5:      layout_loops_ring, portal_sewer_entry_b, nicolae_nh_ransacked_shop,
          uniq_eustachio
D:6:      layout_rooms, nicolae_uskayaw_dance_studio, serial_bayou,
          serial_bayou_pond_b, serial_bayou_crossing, serial_bayou_lake_a,
          serial_bayou_shore_b, serial_bayou_lagoon_a, uniq_pikel
D:7:      layout_gridville, lemuel_zombie_altar_kikubaaqudgha,
          serial_library_hellmonk_open_square, chequers_serial_rivers_marsh,
          uniq_joseph
D:8:      layout_basic, nzn_wu_jian_council_hall, enter_bailey_5,
          minmay_lizard_king
Temple:   minmay_freezing_vapour_temple
Bailey:   bailey_polearm_flooded_kennysheep, bailey

Skill      XL: |  1  2  3  4  5  6  7  8 |
---------------+-------------------------+-----
Ranged Weapons | 1 2 3 4 |  4.2
Spellcasting   | 1 2 3 4 |  4.2
Dodging        | 2 3 |  3.5
Earth Magic    | 1 2 3 4 |  4.8
Conjurations   | 1 2 3 |  3.2
Fighting       | 4 6 |  6.4
Shields        | 1 2 3 |  3.4
Maces & Flails | |  2.0
Stealth        | |  6.0

Action                     |  1- 3 |  4- 6 |  7- 9 || total
---------------------------+-------+-------+-------++-------
  Melee: Mace              |    64 |   114 |       ||   178
   Fire: Arbalest          |       |    83 |   165 ||   248
  Throw: Dart              |       |       |     9 ||     9
   Cast: Stone Arrow       |       |       |     3 ||     3
Ability: Shaft Self        |     1 |     1 |     4 ||     6
         Dig               |       |     2 |       ||     2
  Evoke: Wand              |       |       |     4 ||     4
    Use: Scroll            |     1 |     1 |    11 ||    13
         Potion            |       |       |     4 ||     4
   Stab: Sleeping          |     3 |     2 |       ||     5
 Armour: Leather armour    |    68 |   140 |   143 ||   351
  Dodge: Dodged            |    48 |   144 |    85 ||   277
  Block: Buckler           |       |       |    22 ||    22

Table legend: (Time is in decaauts)
 A = Elapsed time spent in this place.
 B = Non-inter-level travel time spent in this place.
 C = Inter-level travel time spent in this place.
 D = Time resting spent in this place.
 E = Time spent auto-exploring this place.
 F = Levels seen in this place.
 G = Mean time per level.
                   A        B        C        D        E       F      G
               +--------+--------+--------+--------+--------+-----+--------+
         Total |   7153 |   6939 |    214 |   2207 |   2221 |  10 |  715.3 |
       Dungeon |   7057 |   6851 |    206 |   2153 |   2221 |   8 |  882.1 |
        Temple |     79 |     71 |      8 |     54 |      0 |   1 |   79.0 |
        Bailey |     16 |     16 |      0 |      0 |      0 |   1 |   16.0 |
               +--------+--------+--------+--------+--------+-----+--------+

Top non-repeatable levels by time:
     D:5: 1346 daAuts
     D:7: 1225 daAuts
     D:2: 1199 daAuts
     D:4: 1089 daAuts
     D:1: 783 daAuts
     D:3: 774 daAuts
     D:6: 582 daAuts
  Temple: 79 daAuts
     D:8: 55 daAuts
  Bailey: 16 daAuts
